 Dungeon Crawl Stone Soup version 0.28.0 (webtiles) character file.

Game seed: 13960454251228827609

67 SnakkuSnakku7 the Skirmisher (level 4, -1/28 HPs)
             Began as a Kobold Warper on Feb 9, 2022.
             Slain by a river rat (7 damage)
             ... on level 3 of the Dungeon.
             The game lasted 00:02:34 (2192 turns).

SnakkuSnakku7 the Skirmisher (Kobold Warper)        Turns: 2192, Time: 00:02:35

Health: -1/28      AC:  4    Str:  8 (10) XL:     4   Next: 40%
Magic:  7/7        EV: 14    Int: 11 (14) God:
Gold:   45         SH:  0    Dex: 13 (14) Spells: 7/7 levels left

rFire   . . .      SeeInvis .   a - +0 mace
rCold   . . .      Faith    .   (no shield)
rNeg    . . .      Spirit   .   b - +0 leather armour
rPois   .          Reflect  .   (no helmet)
rElec   .          Harm     .   e - +0 cloak
rCorr   .          Rampage  .   (no gloves)
Will    .....                   (no boots)
Stlth   ++........              (no amulet)
HPRegen 0.09/turn               (no ring)
MPRegen 0.10/turn               (no ring)

@: no status effects
A: small, no large weapons, nightstalker 3
a: no special abilities


You were on level 3 of the Dungeon.
You visited 1 branch of the dungeon, and saw 3 of its levels.

You collected 45 gold pieces.

Inventory:

Hand Weapons
 a - a +0 mace (weapon)
Missiles
 f - 5 boomerangs (quivered)
Armour
 b - a +0 leather armour (worn)
 e - a +0 cloak (worn)
Jewellery
 g - a ring of resist corrosion
 j - a +6 ring of strength
Scrolls
 h - a scroll of identify {unknown}


   Skills:
 - Level 3.4 Fighting
 + Level 3.0 Maces & Flails
 + Level 1.6 Throwing
 - Level 0.7 Armour
 - Level 2.4 Dodging
 - Level 2.1 Spellcasting
 - Level 3.0 Translocations


You had 7 spell levels left.
You didn't know any spells.
Your spell library contained the following spells:

 Spells                   Type           Power      Damage    Failure   Level
 Apportation              Tloc           14%        N/A       12%         1
 Blink                    Tloc           14%        N/A       19%         2
 Gell's Gravitas          Tloc           7%         N/A       34%         3
 Lesser Beckoning         Tloc           7%         N/A       34%         3
 Teleport Other           Tloc           7%         N/A       34%         3
 Sting                    Tmut/Pois      4%         1d3       38%         1
 Poisonous Vapours        Pois/Air       2%         N/A       52%         2
 Manifold Assault         Tloc           7%         N/A       97%         5
 Olgreb's Toxic Radiance  Pois           1%         N/A       99%         4
 Alistair's Intoxication  Tmut/Pois      0%         N/A       100%        5


Dungeon Overview and Level Annotations

Branches:
Dungeon (3/15)

Altars:

Annotations:
D:2 exclusion: orc priest


Innate Abilities, Weirdness & Mutations

You are small and have problems with some larger weapons.
You are completely attuned to the shadows.


Message History

The adder is almost dead.
The adder bites you.
* * * LOW HITPOINT WARNING * * *
The adder barely misses you.
Blink to where?
Press: ? - help, Dir - move target, p - adder
As you read the scroll of blinking, it crumbles to dust.
Throw: 5 boomerangs
Press: ? - help, Q - select action Shift-Dir - straight line, f - adder
Aim: an adder (translocational energy, almost dead, 40% to hit)
You throw a boomerang. The boomerang misses the adder.
Unknown command.
Throw: 5 boomerangs
Press: ? - help, Q - select action Shift-Dir - straight line, f/p - adder
Aim: an adder (almost dead, 40% to hit)
You throw a boomerang. The boomerang misses the adder.
The boomerang hits the river rat but does no damage.
Unknown command.
Throw: 5 boomerangs
Press: ? - help, Q - select action Shift-Dir - straight line, f/p - adder
Aim: an adder (almost dead, 40% to hit)
You throw a boomerang. The boomerang barely misses the adder.
The boomerang hits the river rat but does no damage.
The adder misses you. The adder barely misses you.
Throw: 5 boomerangs
Press: ? - help, Q - select action Shift-Dir - straight line, f/p - adder
Aim: an adder (almost dead, 40% to hit)
You throw a boomerang. The boomerang hits the adder!
You kill the adder!
Your Maces & Flails skill increases to level 3!
The river rat misses you.
Okay, then.
Press: ? - help, v - describe, . - travel
Here: a river rat The floor.
It was a potion of degeneration.
There was something very wrong with that liquid.
You feel weakened.
You feel dopey.
You feel clumsy. The river rat bites you!
You die...

#.##....r(........#..............
#.##.############.#.#.##...###.##
#...S.... #.#.#. ##(## #.#
###...... #.#.#. #.# #.# #.####.
#..... #.# #.# #.## ##.###. #.#
#..# #.## #.# ..r..# #r# #.#
rB...# #@# #.## ≈B≈.## #.....#
#... ≈B≈.# ###..... #### ..#####
###


You could see a river rat.

Vanquished Creatures
  A gnoll (D:1)
  3 adders
  3 ball pythons
  3 goblins
  6 hobgoblins
  4 jackals (D:2)
  3 kobolds
  A quokka (D:1)
  A bat (D:3)
  2 frilled lizards
  A rat (D:1)
28 creatures vanquished.

Notes
Turn   | Place    | Note
-------+----------+-------------------------------------------
     0 | D:1      | SnakkuSnakku7 the Kobold Warper began the quest for the
                  | Orb.
     0 | D:1      | Reached XP level 1. HP: 12/12 MP: 3/3
   376 | D:1      | Found a faded altar of an unknown god.
   529 | D:1      | Reached XP level 2. HP: 11/18 MP: 5/5
   828 | D:1      | Reached XP level 3. HP: 16/23 MP: 6/6
  2008 | D:3      | Reached XP level 4. HP: 28/28 MP: 7/7
  2192 | D:3      | Slain by a river rat

Illustrated notes

Levels and vault maps discovered:
D:1:      amcnicky_arrival_blooded_trapdoor, layout_loops_ring,
          ebering_ecumenical_altar_webs
D:2:      minmay_razor_zed, layout_loops_ring, uniq_crazy_yiuf_cottage
D:3:      layout_loops_ring, portal_sewer_entry_b,
          chequers_serial_rivers_micro_a

Skill      XL: |  1  2  3  4 |
---------------+-------------+-----
Maces & Flails | 2 3 |  3.0
Fighting       | 3 |  3.4
Throwing       | |  1.6
Armour         | |  0.7
Dodging        | |  2.4
Spellcasting   | |  2.1
Translocations | |  3.0

Action                   |  1- 3 |  4- 6 || total
-------------------------+-------+-------++-------
Melee: Mace              |    74 |    15 ||    89
       Punch             |     1 |       ||     1
Throw: Boomerang         |     4 |     6 ||    10
       Dart              |       |     3 ||     3
  Use: Potion            |     1 |     1 ||     2
       Scroll            |       |     1 ||     1
 Stab: Sleeping          |     8 |       ||     8
Armor: Leather armour    |    11 |     5 ||    16
Dodge: Dodged            |    62 |    20 ||    82
